 Dungeon Crawl Stone Soup version 0.17.0 (webtiles) character file.

2257 Svalin the Spear-Bearer (level 9, -8/103 HPs)
             Began as a Merfolk Gladiator on Nov 18, 2015.
             Was a Believer of Dithmenos.
             Mangled by a great orb of eyes (11 damage)
             ... on level 7 of the Dungeon.
             The game lasted 00:29:41 (8331 turns).

Svalin the Spear-Bearer (Merfolk Gladiator)         Turns: 8331, Time: 00:29:41

Health: -8/103     AC: 24    Str: 16    XL:     9   Next: 37%
Magic:  9/9        EV:  2    Int:  9    God:    Dithmenos [**....]
Gold:   147        SH:  0    Dex: 20    Spells: 1 memorised, 5 levels left

rFire  . . .     SeeInvis .     a - +1 trident
rCold  . . .     Clarity  .     (armour currently unavailable)
rNeg   + + +     SustAt   .     (no shield)
rPois  +         Gourm    .     (helmet currently unavailable)
rElec  .         Spirit   .     (cloak currently unavailable)
rCorr  .         Warding  .     (gloves currently unavailable)
rMut   .         NoTele   +     (boots currently unavailable)
MR     .....                    (no amulet)
Stlth  ++++++....               (no ring)
                                g - ring of wizardry

@: agile, tree-form, very slightly contaminated, wreathed by umbra, not
resistant to hostile enchantments, very stealthy
A: (change form in water), (swift swim)
a: Shadow Step, Renounce Religion


You were on level 7 of the Dungeon.
You worshipped Dithmenos.
Dithmenos was pleased with you.
You were hungry.
You were a tree.
You visited 2 branches of the dungeon, and saw 8 of its levels.
You also visited: Ossuary.

You collected 437 gold pieces.
You spent 290 gold pieces at shops.

Inventory:

Hand Weapons
 a - a +1 trident (weapon)
Missiles
 x - 4 javelins (quivered)
Armour
 b - a +1 leather armour
 c - a +0 helmet (melded)
 u - a +3 leather armour (melded)
 G - a +2 cloak of magic resistance (melded)
Jewellery
 g - a ring of wizardry (left branch)
Wands
 q - a wand of magic darts (17)
 r - a wand of paralysis (0)
 E - a wand of polymorph (15)
 F - a wand of digging (15)
Scrolls
 f - 8 scrolls of remove curse
 m - 4 scrolls of enchant weapon
 B - a scroll of enchant armour
 C - 2 scrolls of identify
 D - 2 scrolls of random uselessness
 H - a scroll of immolation
Potions
 j - 2 potions of flight
 n - 2 potions of agility
 o - 3 potions of lignification
 p - 2 potions of might {unknown}
 s - a potion of brilliance {unknown}
 t - a potion of resistance {unknown}
 v - a potion of berserk rage {unknown}
 w - 5 potions of haste {unknown}
 z - a potion of ambrosia {unknown}
Books
 y - a book of Hinderance

   Spells                             Type                      Level
   a - Confusing Touch                Hexes                        2
   b - Confuse                        Hexes                        3
   c - Gell's Gravitas                Hexes/Translocation          3
   d - Petrify                        Transmutation/Earth          4
   e - Metabolic Englaciation         Hexes/Ice                    5
Comestibles
 e - 6 bread rations
 h - 5 slices of pizza
 l - 3 meat rations


   Skills:
 + Level 6.0 Fighting
 * Level 12.4 Polearms
 - Level 2.0 Throwing
 + Level 7.8 Dodging
 - Level 3.3 Stealth
 + Level 3.7 Hexes


You had 5 spell levels left.
You knew the following spells:

 Your Spells              Type           Power        Failure   Level  Hunger
a - Confuse               Hex            #.......     12%         3    ####...


Dungeon Overview and Level Annotations

Branches:
Dungeon (7/15)             Temple (1/1) D:4

Altars:
Dithmenos
Fedhas
Gozag
Kikubaaqudgha
Makhleb
Nemelex Xobeh
Okawaru
Qazlal
Ru
Sif Muna
Trog
Vehumet
Xom
Yredelemnul

Shops:
D:4 ?


Message History

The great orb of eyes is lightly wounded.
The great orb of eyes bites you.
* * * LOW HITPOINT WARNING * * *
You cannot move.
You cannot move.
You cannot move.
Read which item? (? for menu, Esc to quit)
As you read the scroll labeled DOIVEH SAARU, it crumbles to dust.
You hear the tinkle of a tiny bell.
It was a scroll of random uselessness.
The great orb of eyes bites you but does no damage.
You cannot move.
You cannot move.
Drink which item? (? for menu, Esc to quit)
It was a potion of agility.
You feel agile all of a sudden.
The great orb of eyes bites you but does no damage.
You hit the great orb of eyes but do no damage.
The great orb of eyes bites you!
You die...

#.##.# #.# #..
#####.##.# #.. ###
#.....##.# #
#.######.# #.# #.#
##.######.# #
.......<..# .##
##.#####..########...#
#.# #..!...bG♣..b.#
##.# #.#########b..#
..§# #..# ..b.. ####
#.## b... # #. ... #
#. ## # #. # #######.#


You could see a great orb of eyes.

Vanquished Creatures
  Menkaure (D:4)
  A sky beast (D:6)
  An ice beast (D:6)
  6 phantoms
  A giant frog (D:6)
  4 ogres
  A centaur (D:5)
  A wyvern skeleton (D:6)
  2 crimson imps
  3 hounds
  Crazy Yiuf (D:5)
  A giant frog skeleton (D:4)
  3 orc wizards
  6 orc priests
  An iguana (D:5)
  3 worker ants
  2 hound skeletons
  9 mummies
  2 worker ant zombies (D:5)
  5 adders
  A shadow imp (D:5)
  An ooze (D:4)
  3 worms
  14 orcs
  5 ball pythons
  6 bats
  5 giant cockroaches
  2 gnoll zombies (Ossuary)
  5 goblins
  10 hobgoblins
  5 jackals (D:2)
  3 kobolds
  5 quokkas
  6 giant geckos
  A giant gecko skeleton (D:4)
  5 giant newts
  2 hobgoblin zombies (Ossuary)
  A jackal skeleton (D:5)
  2 kobold zombies
  4 orc zombies
  7 rats
147 creatures vanquished.

Vanquished Creatures (others)
  5 sheep (D:5)
5 creatures vanquished.

Grand Total: 152 creatures vanquished

Notes
Turn   | Place    | Note
--------------------------------------------------------------
     0 | D:1      | Svalin the Merfolk Gladiator began the quest for the Orb.
     0 | D:1      | Reached XP level 1. HP: 16/16 MP: 1/1
   484 | D:1      | Reached skill level 5 in Polearms
   533 | D:1      | Reached XP level 2. HP: 22/22 MP: 2/2
  1000 | D:1      | Reached XP level 3. HP: 27/27 MP: 3/3
  1137 | D:2      | Reached skill level 6 in Polearms
  1312 | D:2      | Found a basalt altar of Yredelemnul.
  1437 | D:2      | Found a blossoming altar of Fedhas.
  1729 | D:2      | Found a shadowy altar of Dithmenos.
  1756 | D:2      | Became a worshipper of Dithmenos the Shadowed
  2005 | D:2      | Reached skill level 7 in Polearms
  2005 | D:2      | Reached XP level 4. HP: 22/33 MP: 4/4
  2185 | D:2      | Found an iron altar of Okawaru.
  3010 | D:3      | Reached XP level 5. HP: 26/39 MP: 5/5
  3268 | D:2      | Reached skill level 1 in Stealth
  3386 | D:2      | Reached skill level 8 in Polearms
  3551 | D:3      | Reached * piety under Dithmenos
  3779 | D:3      | Found a burning altar of Makhleb.
  3780 | D:3      | Found a radiant altar of Vehumet.
  3782 | D:3      | Reached XP level 6. HP: 39/46 MP: 6/6
  4161 | D:4      | Reached skill level 5 in Dodging
  4454 | D:4      | Found a sand-covered staircase.
  4464 | Ossuary  | Entered an ossuary
  4541 | Ossuary  | Reached XP level 7. HP: 19/52 MP: 7/7
  4807 | Ossuary  | Reached skill level 9 in Polearms
  5277 | D:4      | Found a staircase to the Ecumenical Temple.
  5285 | Temple   | Entered the Ecumenical Temple
  5513 | D:4      | Noticed Menkaure
  5527 | D:4      | Killed Menkaure
  5651 | D:4      | Found Ezummiq's Magic Scroll Boutique.
  5757 | D:4      | Learned a level 3 spell: Confuse
  5807 | D:4      | Bought a scroll of recharging for 104 gold pieces
  5807 | D:4      | Bought a scroll of enchant armour for 82 gold pieces
  5807 | D:4      | Bought a scroll of enchant weapon for 82 gold pieces
  5807 | D:4      | Bought a scroll of identify for 22 gold pieces
  5846 | D:4      | Reached skill level 10 in Polearms
  5926 | D:4      | Reached XP level 8. HP: 52/60 MP: 8/8
  5939 | D:4      | Reached ** piety under Dithmenos
  5939 | D:4      | Reached skill level 1 in Hexes
  6329 | D:5      | Entered Level 5 of the Dungeon
  6686 | D:5      | Found a stormy altar of Qazlal.
  6742 | D:5      | Reached skill level 11 in Polearms
  6769 | D:5      | Noticed Crazy Yiuf
  6773 | D:5      | Killed Crazy Yiuf
  6879 | D:5      | Reached skill level 5 in Fighting
  6918 | D:5      | Found a shimmering altar of Xom.
  7138 | D:5      | Found an opulent altar of Gozag.
  7459 | D:6      | Reached XP level 9. HP: 50/68 MP: 9/9
  7630 | D:6      | Reached skill level 12 in Polearms
  8219 | D:7      | Found a shadowy altar of Dithmenos.
  8226 | D:7      | Noticed a four-headed hydra
  8326 | D:7      | Noticed a great orb of eyes
  8326 | D:7      | a four-headed hydra changed into a great orb of eyes
  8328 | D:7      | HP: 3/103 [great orb of eyes (4)]
  8331 | D:7      | Mangled by a great orb of eyes

Action                   |  1- 3 |  4- 6 |  7- 9 || total
-------------------------+-------+-------+-------++-------
Melee: Trident           |   146 |   194 |   400 ||   740
Throw: Throwing net      |       |       |     5 ||     5
       Javelin           |       |       |     1 ||     1
Evoke: Wand              |       |       |     7 ||     7
  Use: Scroll            |       |     6 |    10 ||    16
       Potion            |       |     1 |     9 ||    10
 Stab: Sleeping          |       |     3 |     5 ||     8
       Distracted        |       |     1 |       ||     1
       Held in net/web   |       |       |     2 ||     2
  Eat: Chunk             |     3 |     7 |     7 ||    17
       Bread ration      |       |       |     1 ||     1
       Royal jelly       |       |       |     1 ||     1
